 Dungeon Crawl Stone Soup version 0.30.1-4-g462c640d31 (webtiles) character file.

Game seed: 4449798339425540289

40 Zeor the Gusty (level 3, 0/17 HPs)
             Began as a Vine Stalker Air Elementalist on Aug 20, 2023.
             Slain by a cerulean imp
             ... wielding a +0 spear
             ... summoned by Natasha
              (1 damage)
             ... on level 2 of the Dungeon.
             The game lasted 00:05:31 (1277 turns).

Zeor the Gusty (Vine Stalker Air Elementalist)      Turns: 1277, Time: 00:05:33

Health: 0/17       AC:  3    Str: 10    XL:     3   Next: 50%
Magic:  0/8        EV: 11    Int: 17    God:
Gold:   62         SH:  0    Dex: 14    Spells: 1/7 levels left

rFire   . . .        f - +0 short sword
rCold   . . .        (no shield)
rNeg    + . .        e - +0 leather armour
rPois   .            (no helmet)
rElec   .            (no cloak)
rCorr   .            (no gloves)
SInv    .            (no boots)
Will    .....        (no amulet)
Stlth   ++           a - ring of positive energy
HPRegen 0.22/turn    (no ring)
MPRegen 0.11/turn

%: guardian spirit
@: no status effects
A: fangs 2, magic shield, antimagic bite, no potion heal 2
a: no special abilities


You were on level 2 of the Dungeon.
You visited 1 branch of the dungeon, and saw 2 of its levels.

You collected 62 gold pieces.

Inventory:

Hand Weapons
 f - a +0 short sword (weapon)
Armour
 e - a +0 leather armour (worn)
Jewellery
 a - a ring of positive energy (left hand)
Potions
 b - a potion of magic
 c - a potion of brilliance
 d - a potion of lignification
 i - a potion of haste


   Skills:
 * Level 0.8 Fighting
 + Level 1.8 Dodging
 + Level 2.6 Stealth
 + Level 2.7 Spellcasting
 + Level 1.5 Conjurations
 + Level 3.4 Air Magic


You had one spell level left.
You knew the following spells:

 Your Spells              Type           Power      Damage    Failure   Level
d - Static Discharge      Conj/Air       20%        2-3/arc   14%         2
f - Swiftness             Air            13%        N/A       19%         3
s - Shock                 Conj/Air       40%        1d5       9%          1

Your spell library contained the following spells:

 Spells                   Type           Power      Damage    Failure   Level
 Sandblast                Erth           4%         2d4       24%         1
 Passwall                 Tmut/Erth      1%         N/A       36%         2
 Stone Arrow              Conj/Erth      8%         3d7       47%         3
 Airstrike                Air            6%         2d(1-17)  52%         4


Dungeon Overview and Level Annotations

Branches:
Dungeon (2/15)

Altars:

Shops:
D:1 (

Annotations:
D:2 Natasha


Innate Abilities, Weirdness & Mutations

You have extremely sharp teeth.
When hurt, damage is shared between your health and your magic reserves.
Your bite disrupts and absorbs the magic of your enemies.
Potions cannot restore your health.


Message History

The ball python attacks as you move away!
The ball python misses you.
Casting: Static Discharge (safe; 14% risk of failure)
Confirm with . or Enter, or press ? or * to list all spells.
Natasha is struck by an arc of lightning.
Natasha is moderately wounded.
The ball python is struck by an arc of lightning.
You kill the ball python!
The lightning grounds out.
Natasha casts a spell.
Casting: Static Discharge (safe; 14% risk of failure)
Confirm with . or Enter, or press ? or * to list all spells.
Natasha is struck by an arc of lightning.
Natasha is heavily wounded.
The ball python is struck by an arc of lightning.
You kill the ball python!
The lightning grounds out.
Natasha casts a spell at you. The magic dart hits you.
You hit Natasha but do no damage. You bite Natasha, but do no damage.
Natasha is heavily wounded.
Natasha claws you.
The cerulean imp hits you from afar with a +0 spear.
Casting: Static Discharge (safe; 14% risk of failure)
Confirm with . or Enter, or press ? or * to list all spells.
You don't have enough magic to cast this spell.
You hit Natasha. You bite Natasha, but do no damage.
Natasha is severely wounded.
Natasha casts a spell at you. The magic dart hits you!
Ouch! That really hurt!
* * * LOW HITPOINT WARNING * * *
The cerulean imp hits you but does no damage.
You closely miss Natasha.
Natasha is severely wounded.
Natasha wildly gestures.
Natasha's front paws start to glow.
Natasha claws you but does no damage.
The cerulean imp hits you from afar with a +0 spear.
You die...

▒∙▒ ▒ ▒∙▒ ∙ ▒∙▒▒▒▒▒▒▒▒▒▒▒▒
▒▒▒ ▒ ▒∙∙∙∙∙∙∙∙∙∙∙∙▒▒▒▒▒∙▒▒
▒
▒▒▒▒▒▒▒▒∙∙∙∙∙∙∙∙∙∙▒∙▒▒▒▒▒▒▒
▒▒▒▒▒▒▒∙▒▒▒∙▒▒▒∙▒▒▒∙∙∙)∙∙∙
▒$∙∙∙∙∙∙∙∙∙∙∙∙▒▒∙▒∙▒▒▒∙▒∙▒
▒∙▒▒∙▒▒∙▒▒▒∙▒∙▒▒▒∙▒▒▒▒∙▒∙▒
▒∙∙∙∙∙∙†hf∙∙∙∙∙∙∙∙∙∙∙∙∙▒∙▒
∙∙∙▒∙▒▒5▒▒▒∙▒∙▒▒▒▒▒▒▒▒▒▒∙▒
▒▒∙ ▒ ▒∙▒ ▒∙▒ ∙∙∙ ▒ ▒∙∙∙∙▒
▒∙▒ ∙∙∙ ▒$∙▒∙∙ ∙∙▒ ∙∙▒
▒∙∙▒∙▒▒ ▒∙ ▒∙▒ ▒∙ ▒∙▒ ▒ ∙∙∙


You could see Natasha and a cerulean imp (summoned).

Vanquished Creatures
  An adder (D:2)
  A dart slug (D:1)
  3 endoplasms (D:1)
  A giant cockroach (D:1)
  2 goblins
  3 hobgoblins (D:1)
  2 kobolds (D:1)
  A quokka (D:1)
  4 ball pythons
  4 bats (D:1)
  2 frilled lizards
  4 rats
28 creatures vanquished.

Notes
Turn   | Place    | Note
-------+----------+-------------------------------------------
     0 | D:1      | Zeor the Vine Stalker Air Elementalist began the quest for
                  | the Orb.
     0 | D:1      | Reached XP level 1. HP: 9/9 MP: 4/4
   136 | D:1      | Reached XP level 2. HP: 13/13 MP: 3/6
   339 | D:1      | Found Eschurr's Weapon Emporium.
   809 | D:1      | Reached XP level 3. HP: 17/17 MP: 4/8
  1233 | D:2      | Noticed Natasha
  1242 | D:2      | Learned a level 2 spell: Static Discharge
  1246 | D:2      | Learned a level 3 spell: Swiftness
  1277 | D:2      | Slain by a cerulean imp

Illustrated notes

Levels and vault maps discovered:
D:1:      minmay_arrival_arboretum_small, layout_loops_ring, serial_shops,
          nicolae_shop_advertising_works [nicolae_subvault_shop_adworks],
          minmay_worlds_worst_comb
D:2:      layout_loops_ring, grunt_decor_resistance, uniq_natasha

Action                     || total
---------------------------++-------
  Melee: Unarmed           ||     4
         Bite              ||     4
         Short sword       ||     9
   Cast: Shock             ||    42
         Static Discharge  ||     3
    Use: Scroll            ||     6
 Armour: Robe              ||     1
         Leather armour    ||     3
  Dodge: Dodged            ||    11
